 Dungeon Crawl Stone Soup version 0.26-a0-21-gf97e55dc39 (webtiles) character file.

Game seed: 12377488952770928876, levelgen mode: deterministic

120891 Gwenloh the Gelid (level 16, -2/129 HPs)
             Began as a Barachi Ice Elementalist on May 23, 2020.
             Was an Elder of Sif Muna.
             Slain by a wolf spider (8 damage)
             ... on level 1 of the Spider Nest on May 26, 2020.
             The game lasted 05:46:52 (49464 turns).

Gwenloh the Gelid (Barachi Ice Elementalist)       Turns: 49464, Time: 05:46:53

Health: -2/129     AC: 23    Str: 10    XL:     16   Next: 83%
Magic:  6/28       EV: 27    Int: 26    God:    Sif Muna [****..]
Gold:   1139       SH:  8    Dex: 13    Spells: 18/37 levels left

rFire    + . .     SeeInvis +   b - +4 trident (freeze)
rCold    . . .     Gourm    .   V - +3 buckler {AC+3}
rNeg     . . .     Faith    .   n - quicksilver dragon scales
rPois    .         Spirit   .   (no helmet)
rElec    .         Reflect  .   (no cloak)
rCorr    .         Harm     .   X - +2 pair of gloves
MR       +++..                  T - +2 pair of boots
Stlth    +.........             L - amulet of the acrobat
HPRegen  0.31/turn              H - ring "Joixa" {Wiz rF+ MR+ Int+4}
MPRegen  0.21/turn              C - ring of see invisible

@: can't hop, acrobat, slow
A: +LOS, swims, low mp 1, slowness 1, strong legs 2
a: Hop, Channel Magic, Forget Spell, Divine Exegesis, Renounce Religion


You were on level 1 of the Spider Nest.
You worshipped Sif Muna.
Sif Muna was greatly pleased with you.
You were hungry.

You visited 6 branches of the dungeon, and saw 28 of its levels.

You collected 2205 gold pieces.
You spent 1066 gold pieces at shops.

Inventory:

Hand Weapons
 b - a +4 trident of freezing (weapon)
 m - a +2 trident of venom
 O - a +5 trident
 R - the +6 quarterstaff of Watchfulness {vorpal, *Slow rElec Dex+8}
   (You found it on level 1 of the Lair of Beasts)

   It inflicts extra damage upon your enemies.
   It affects your dexterity (+8).
   It insulates you from electricity.
   It may slow you when you take damage.
Missiles
 S - 25 poisoned darts (quivered)
Armour
 n - quicksilver dragon scales (worn)
 y - +1 ice dragon scales
 T - a +2 pair of boots (worn)
 V - a +3 buckler of protection (worn)
 X - a +2 pair of gloves (worn)
Magical Staves
 a - an uncursed staff of cold
Jewellery
 g - an uncursed ring of poison resistance
 C - a ring of see invisible (right hand)
 E - an uncursed ring of resist corrosion
 H - the ring "Joixa" (left hand) {Wiz rF+ MR+ Int+4}
   (You found it on level 2 of the Swamp)

   [ring of wizardry]

   It improves your spell success rate.
   It affects your intelligence (+4).
   It protects you from fire.
   It affects your resistance to hostile enchantments.
 L - an amulet of the acrobat (around neck)
 M - an uncursed ring of ice
 P - an uncursed amulet of reflection
Wands
 p - a wand of enslavement (34)
 q - a wand of iceblast (38)
 G - a wand of polymorph (12)
 J - a wand of clouds (2)
 Z - a wand of paralysis (22)
Scrolls
 e - 10 scrolls of teleportation
 h - 9 scrolls of remove curse
 l - a scroll of identify
 o - a scroll of acquirement
 v - 3 scrolls of enchant armour
 w - a scroll of silence
 x - 3 scrolls of immolation
 B - 2 scrolls of amnesia
 F - 6 scrolls of magic mapping
 I - 7 scrolls of fog
 K - 2 scrolls of summoning {unknown}
 Q - 3 scrolls of blinking
 U - 4 scrolls of fear
 Y - a scroll of holy word
Potions
 d - 3 potions of resistance
 f - 7 potions of brilliance
 i - 2 potions of curing
 j - 4 potions of ambrosia
 k - a potion of berserk rage {unknown}
 r - 2 potions of degeneration {unknown}
 s - 3 potions of mutation
 t - 8 potions of flight
 u - 2 potions of cancellation {unknown}
 z - 3 potions of haste {unknown}
 N - 3 potions of might
Miscellaneous
 D - a phial of floods
Comestibles
 c - 11 rations


   Skills:
 + Level 12.9 Fighting
 - Level 10.1 Staves
 + Level 10.5 Armour
 + Level 3.8 Dodging
 - Level 2.8 Stealth
 - Level 4.0 Shields
 + Level 11.3 Spellcasting
 + Level 11.8 Conjurations
   Level 3.0 Charms
 - Level 5.5 Summonings
 + Level 16.6 Ice Magic
 + Level 3.5 Air Magic
 + Level 10.0 Invocations


You had 18 spell levels left.
You knew the following spells:

 Your Spells              Type           Power        Failure   Level  Hunger
a - Magic Dart            Conj           ####         1%          1    None
b - Freeze                Ice            ####         0%          1    None
c - Frozen Ramparts       Ice            ######       1%          3    None
d - Hailstorm             Conj/Ice       ######..     1%          4    None
e - Summon Ice Beast      Ice/Summ       ######..     1%          4    None
f - Freezing Cloud        Conj/Ice/Air   ######....   6%          6    #####..

Your spell library contained the following spells:

 Spells                   Type           Power        Failure   Level  Hunger
 Foxfire                  Conj/Fire      ####         1%          1    None
 Summon Butterflies       Summ           #####...     1%          1    None
 Summon Small Mammal      Summ           ####         1%          1    None
 Call Imp                 Summ           #####...     1%          2    None
 Searing Ray              Conj           ######       1%          2    None
 Call Canine Familiar     Summ           #####...     1%          3    None
 Conjure Flame            Conj/Fire      #####...     1%          3    None
 Dazzling Flash           Conj/Hex       #####.       1%          3    None
 Mephitic Cloud           Conj/Pois/Air  #####...     1%          3    None
 Ozocubu's Armour         Chrm/Ice       ######..     1%          3    None
 Stone Arrow              Conj/Erth      #####.       1%          3    None
 Ice Form                 Ice/Tmut       ######..     1%          4    None
 Ozocubu's Refrigeration  Ice            #######...   1%          6    #####..
 Fulminant Prism          Conj/Hex       #####.....   2%          4    None
 Iskenderun's Mystic Bla  Conj/Tloc      #####...     2%          4    None
 Sticky Flame             Conj/Fire      #####...     2%          4    None
 Sandblast                Erth           ##....       3%          1    None
 Recall                   Summ/Tloc      N/A          3%          3    None
 Summon Guardian Golem    Hex/Summ       ####....     3%          3    None
 Metabolic Englaciation   Hex/Ice        ######....   3%          5    ###....
 Iskenderun's Battlesphe  Conj/Chrm      ######..     4%          5    ###....
 Passwall                 Tmut/Erth      ##......     5%          2    None
 Summon Lightning Spire   Summ/Air       #####...     5%          4    None
 Confusing Touch          Hex            ##......     11%         3    None
 Gell's Gravitas          Tloc           ##........   11%         3    None
 Simulacrum               Ice/Necr       ######....   16%         6    #####..
 Bolt of Magma            Conj/Fire/Erth #####.....   17%         5    ###....
 Leda's Liquefaction      Hex/Erth       ##........   32%         4    None
 Petrify                  Tmut/Erth      ##......     32%         4    None
 Iron Shot                Conj/Erth      #####.....   38%         6    #####..
 Excruciating Wounds      Chrm/Necr      ###.......   43%         5    ###....
 Lee's Rapid Deconstruct  Erth           ##........   65%         5    ###....
 Yara's Violent Unravell  Hex/Tmut       ##........   65%         5    ###....
 Statue Form              Tmut/Erth      ##.......    99%         6    #####..
 Haunt                    Necr/Summ      ####......   100%        7    ######.
 Ring of Flames           Chrm/Fire      ###.......   100%        7    ######.
 Borgnjor's Revivificati  Necr           ##........   100%        8    #######
 Death's Door             Chrm/Necr      ###.......   100%        8    #######
 Infestation              Necr           ##........   100%        8    #######
 Lehudib's Crystal Spear  Conj/Erth      #####.....   100%        8    #######
 Necromutation            Tmut/Necr      ##........   100%        8    #######
 Shatter                  Erth           ##........   100%        9    #######


Dungeon Overview and Level Annotations

Branches:
Dungeon (15/15)            Temple (1/1) D:6            Lair (6/6) D:10
  Swamp (3/4) Lair:3       Spider (1/4) Lair:2        Slime (0/5) Lair:6
    Orc (2/2) D:9             Elf (0/3) Orc:2        Vaults (0/5) D:13
 Depths (0/5) D:15

Altars:
Ashenzari
Cheibriados
Dithmenos
Elyvilon
Fedhas
Gozag
Hepliaklqana
Kikubaaqudgha
Makhleb
Nemelex Xobeh
Okawaru
Qazlal
Ru
Sif Muna
Trog
Uskayaw
Vehumet
Wu Jian
Xom
Yredelemnul
Zin
The Shining One
Beogh

Shops:
D:5 ?   D:8 %   D:14 :   Orc:2 }}%%

Annotations:
D:15 Roxanne
Lair:2 3 runed translucent doors, 1 exclusion, Soopleu's ghost, journeyman DrTm
Lair:3 1 runed translucent door, vurker's ghost, adept NaIE
Lair:6 1 runed translucent door, exclusion: oklob plant, emiel's ghost, journeyman FoSk


Innate Abilities, Weirdness & Mutations

You can be seen from farther away. (+LOS)
You can swim through water.
You cover ground slowly.
You can hop long distances.
Your magical capacity is low. (-10% MP)


Message History

The wolf spider hits your ice beast!
The wolf spider closely misses your ice beast.
Your ice beast hits the wolf spider.
Your ice beast freezes the wolf spider!
The wolf spider dies!
Sif Muna accepts your kill. The wolf spider hits you!
* * * LOW HITPOINT WARNING * * *
You block the wolf spider's attack. The wolf spider misses you.
You block the wolf spider's attack. The wolf spider misses you.
The wolf spider bites you!
* * * LOW HITPOINT WARNING * * *
Your ice beast hits the wolf spider but does no damage.
The wolf spider completely misses you. You block the wolf spider's attack.
You feel better.
The frozen ramparts melt away.
The wolf spider hits you.
* * * LOW HITPOINT WARNING * * *
The wolf spider bites you but does no damage.
Your ice beast hits the wolf spider.
Your ice beast freezes the wolf spider!
The wolf spider completely misses you. x2
The wolf spider barely misses you. The wolf spider bites you!
You die...

.....# #........ .....#
#.......# .....# #..>...^#
....## ### #.......## ....#
....... ##.......# °..##
#.......##..^....# s.##
...............##
#s#####.......##..##...##
#.#..#.##.. # ##@###<^†.###
#.#....##..
###s#####.#...## #......#
#^##.Y.# #........#
.......####.....#
#......###
###†...##.......###..^..#.#
##.#.........###......###
###.#.......# #......#
#.###.....## ###.#### ###
##.#### ###


You could see a wolf spider and a friendly ice beast (summoned).

Vanquished Creatures
  A thorn hunter (Swamp:2)
  Nessos (D:15)
  An ettin (Orc:2)
  2 hydras
  2 catoblepae (Lair:6)
  2 ghost crabs (Swamp:1)
  A vault guard (D:13)
  A shambling mangrove (Swamp:1)
  A death yak (Lair:6)
  5 centaur warriors
  6 two-headed ogres
  12 alligators
  3 tengu warriors
  3 spriggans
  4 orc high priests (Orc:2)
  Urug (Orc:2)
  Sonja (D:12)
  4 skeletal warriors
  A flayed ghost (D:15)
  An unseen horror (D:15)
  A necromancer (D:15)
  4 swamp dragons
  A harpy (shapeshifter) (D:13)
  An iron dragon zombie (D:15)
  An orb spider (Spider:1)
  3 wolf spiders (Spider:1)
  10 ugly things
  8 orc knights
  6 orc sorcerers
  An oklob plant (Orc:1)
  4 cyclopes
  3 manticores
  5 elephants (Lair:2)
  A frost giant skeleton (D:15)
  A spriggan zombie (D:15)
  4 black mambas
  A torpor snail (Lair:2)
  9 spiny frogs
  9 komodo dragons
  A kobold demonologist (D:12)
  An efreet (D:13)
  3 meliai (D:14)
  7 trolls
  2 tengu conjurers (D:15)
  5 jumping spiders (Spider:1)
  12 blink frogs
  Prince Ribbit (D:6)
  3 tyrant leeches
  6 slime creatures
  7 hornets
  An ettin zombie (D:15)
  A bog body (Swamp:3)
  5 dream sheep (Lair:6)
  10 hippogriffs
  A redback (Lair:2)
  4 shadows
  A wraith (D:15)
  37 yaks
  A wyvern (D:9)
  3 basilisks
  Grum (D:8)
  2 steam dragons
  23 vampire mosquitoes
  3 hungry ghosts
  3 wargs
  12 insubstantial wisps
  8 swamp worms
  11 water moccasins
  6 porcupines
  4 swamp drakes
  A phantom (D:9)
  A hornet zombie (D:9)
  45 orc warriors
  2 eyes of draining (D:15)
  2 black bears
  3 ice beasts
  3 sky beasts
  A necrophage (D:7)
  19 ogres
  4 wolves (D:8)
  7 centaurs
  A big kobold (D:8)
  14 crocodiles
  16 bullfrogs
  2 scorpions
  A wyvern skeleton (D:9)
  26 killer bees
  8 wights
  7 howler monkeys
  An electric eel (Lair:1)
  12 crimson imps
  7 centaur zombies
  2 quasits
  6 hounds
  26 orc wizards
  6 jellies
  A bullfrog zombie (D:11)
  30 orc priests
  9 centaur skeletons
  14 worker ants
  5 iguanas
  2 hound skeletons
  7 adders
  2 river rats (D:5)
  3 shadow imps
  7 oozes
  4 worms
  An adder zombie (D:5)
  2 dart slugs
  4 leopard geckos
  121 orcs
  7 bats
  7 giant cockroaches
  13 goblins
  5 hobgoblins
  9 jackals
  10 kobolds
  7 quokkas
  A ball python (D:2)
  7 frilled lizards
  A giant cockroach zombie (D:5)
  A leopard gecko skeleton (D:4)
  A quokka skeleton (D:8)
  10 rats
825 creatures vanquished.

Vanquished Creatures (collateral kills)
  Agnes (D:15)
  2 orc warlords
  Fannar (Lair:2)
  A ghost crab (Swamp:3)
  A two-headed ogre (Orc:2)
  A death knight (D:14)
  5 hydras
  An alligator (Swamp:2)
  A catoblepas (Lair:6)
  3 death yaks (Lair:6)
  An orc high priest (Orc:2)
  3 skeletal warriors
  2 spriggan druids (Swamp:3)
  A wolf spider (Spider:1)
  A manticore (Lair:6)
  A black mamba (Lair:3)
  A spiny frog (Swamp:3)
  3 rime drakes
  3 tyrant leeches (Swamp:2)
  A bog body (Lair:3)
  A blink frog (Lair:5)
  9 slime creatures
  A shadow (D:15)
  2 spriggans (Swamp:3)
  7 yaks (Lair:6)
  2 vampire mosquitoes (Swamp:3)
  2 swamp worms
  3 insubstantial wisps (Swamp:3)
  A porcupine (Lair:2)
  An orc warrior (D:9)
  An ice beast (D:10)
  A howler monkey (D:9)
  An orc priest (Orc:2)
  An adder (D:10)
  2 orcs
69 creatures vanquished.

Vanquished Creatures (others)
  A tyrant leech (Swamp:1)
  A yak (D:13)
  An insubstantial wisp (Swamp:3)
  A bullfrog skeleton (D:4)
  An orc priest (Orc:2)
  25 fungi
  21 plants
  2 withered plants (D:15)
53 creatures vanquished.

Grand Total: 947 creatures vanquished

Notes
Turn   | Place    | Note
-------+----------+-------------------------------------------
     0 | D:1      | Gwenloh the Barachi Ice Elementalist began the quest for
                  | the Orb.
     0 | D:1      | Reached XP level 1. HP: 13/13 MP: 3/3
   286 | D:1      | Reached skill level 5 in Ice Magic
   286 | D:1      | Reached XP level 2. HP: 20/20 MP: 3/5
   939 | D:1      | Reached XP level 3. HP: 15/25 MP: 0/6
  1068 | D:1      | Learned a level 3 spell: Frozen Ramparts
  1072 | D:1      | Learned a level 3 spell: Ozocubu's Armour
  1556 | D:2      | Reached skill level 1 in Fighting
  1701 | D:2      | You fall into a shaft and drop 1 floor!
  2155 | D:2      | Reached XP level 4. HP: 32/32 MP: 2/8
  2466 | D:3      | Reached skill level 1 in Charms
  2704 | D:3      | Reached skill level 1 in Armour
  2876 | D:3      | Found a hazy altar of Hepliaklqana.
  2880 | D:3      | Reached XP level 5. HP: 32/37 MP: 4/9
  3321 | D:4      | Noticed an ogre
  3395 | D:4      | Killed an ogre
  3395 | D:4      | Reached skill level 6 in Ice Magic
  3395 | D:4      | Reached XP level 6. HP: 42/44 MP: 4/10
  3653 | D:5      | Entered Level 5 of the Dungeon
  4004 | D:4      | Reached skill level 7 in Ice Magic
  4004 | D:4      | Reached XP level 7. HP: 50/50 MP: 6/11
  4087 | D:4      | Learned a level 4 spell: Hailstorm
  4689 | D:5      | Reached skill level 1 in Conjurations
  4738 | D:5      | Reached skill level 8 in Ice Magic
  4880 | D:5      | Reached XP level 8. HP: 37/56 MP: 8/12
  5402 | D:5      | Reached skill level 9 in Ice Magic
  5684 | D:5      | Found Jolohuf's Magic Scroll Shop.
  5702 | D:5      | Bought a scroll of identify for 26 gold pieces
  6189 | D:6      | Reached skill level 5 in Armour
  6310 | D:6      | Noticed Prince Ribbit
  6531 | D:6      | Killed Prince Ribbit
  6748 | D:6      | Found a staircase to the Ecumenical Temple.
  6752 | Temple   | Entered the Ecumenical Temple
  7142 | Temple   | Became a worshipper of Sif Muna the Loreminder
  7292 | D:6      | Reached skill level 10 in Ice Magic
  7292 | D:6      | Reached XP level 9. HP: 53/61 MP: 5/13
  7699 | D:7      | Reached skill level 5 in Conjurations
  7889 | D:7      | Reached * piety under Sif Muna
  7889 | D:7      | Reached skill level 11 in Ice Magic
  7889 | D:7      | Reached skill level 1 in Invocations
  8486 | D:8      | Noticed Grum
  8491 | D:8      | Killed Grum
  8493 | D:8      | Reached XP level 10. HP: 69/71 MP: 8/16
  8552 | D:8      | Learned a level 4 spell: Summon Ice Beast
  8589 | D:8      | Found Karch's Food Shoppe.
  8883 | D:8      | Reached skill level 1 in Summonings
  9808 | D:8      | Reached skill level 1 in Shields
  9824 | D:8      | Reached ** piety under Sif Muna
 10284 | D:9      | Reached skill level 12 in Ice Magic
 10833 | D:9      | Found a staircase to the Orcish Mines.
 10884 | D:9      | Found a roughly hewn altar of Beogh.
 11184 | D:10     | Entered Level 10 of the Dungeon
 11184 | D:10     | Found a staircase to the Lair.
 11312 | D:10     | Reached skill level 5 in Fighting
 11316 | D:10     | Reached skill level 5 in Spellcasting
 11485 | D:10     | Found a snail-covered altar of Cheibriados.
 11608 | D:10     | Noticed a two-headed ogre
 11618 | D:10     | Killed a two-headed ogre
 11618 | D:10     | Reached XP level 11. HP: 69/80 MP: 13/19
 11705 | D:10     | Noticed a two-headed ogre
 11714 | D:10     | Killed a two-headed ogre
 11820 | D:10     | Reached *** piety under Sif Muna
 12003 | D:10     | Noticed a tengu warrior
 12017 | D:10     | Killed a tengu warrior
 12017 | D:10     | Reached skill level 13 in Ice Magic
 12952 | D:10     | Reached skill level 1 in Staves
 13292 | Lair:1   | Entered Level 1 of the Lair of Beasts
 13368 | Lair:1   | Learned a level 1 spell: Magic Dart
 14016 | Lair:1   | Got a fine quarterstaff
 14022 | Lair:1   | Identified the +6 quarterstaff of Watchfulness {vorpal,
                  | *Slow rElec Dex+8} (You found it on level 1 of the Lair of
                  | Beasts)
 14135 | Lair:1   | Reached **** piety under Sif Muna
 14135 | Lair:1   | Reached skill level 5 in Invocations
 14135 | Lair:1   | Reached XP level 12. HP: 87/91 MP: 13/21
 14180 | Lair:1   | Upgraded the game from 0.25-a0-1137-g7f6bfe439b to
                  | 0.26-a0-8-gc4d20be10f
 15292 | Lair:2   | Noticed Fannar
 15339 | Lair:2   | Killed Fannar
 15448 | Lair:2   | Noticed an eight-headed hydra
 15463 | Lair:2   | Killed an eight-headed hydra
 16070 | Lair:2   | Found a hole to the Spider Nest.
 16157 | Lair:2   | Found a bloodstained altar of Trog.
 16334 | Lair:2   | Found a runed translucent gate.
 16334 | Lair:2   | Found a runed translucent gate.
 16334 | Lair:2   | Found a runed translucent gate.
 16335 | Lair:2   | Noticed a 12-headed hydra
 16336 | Lair:2   | Noticed Soopleu's ghost (journeyman DrTm)
 16435 | Lair:2   | Noticed an 11-headed hydra
 16444 | Lair:2   | 2 rings (artfct) 2hydras+ phantom
 16444 | Lair:2   | vault zone
 16731 | Lair:3   | Found a runed translucent door.
 16731 | Lair:3   | Noticed vurker's ghost (adept NaIE)
 17189 | Lair:3   | Reached skill level 14 in Ice Magic
 17447 | Lair:3   | Found a staircase to the Swamp.
 17895 | Lair:4   | Gained mutation: You can hop long distances. [Barachi
                  | growth]
 17895 | Lair:4   | Reached XP level 13. HP: 99/99 MP: 17/24
 18158 | Lair:4   | Reached skill level 5 in Staves
 19515 | Lair:5   | Reached ***** piety under Sif Muna
 20327 | Lair:6   | Entered Level 6 of the Lair of Beasts
 20955 | Lair:6   | Found a runed translucent door.
 21510 | Lair:6   | Noticed emiel's ghost (journeyman FoSk)
 21682 | Lair:6   | Reached skill level 10 in Armour
 21712 | Lair:6   | Identified Biuff's Disquisition on the Volcanoes and Air
                  | (Sif Muna gifted it to you on level 6 of the Lair of
                  | Beasts)
 21712 | Lair:6   | Received a gift from Sif Muna
 22578 | Lair:6   | Found a staircase to the Slime Pits.
 23002 | Orc:1    | Entered Level 1 of the Orcish Mines
 23002 | Orc:1    | Noticed an orc warlord
 23377 | D:9      | Killed an orc warlord
 23377 | D:9      | Reached XP level 14. HP: 33/109 MP: 9/26
 23910 | Orc:2    | Entered Level 2 of the Orcish Mines
 23918 | Orc:2    | Reached skill level 10 in Fighting
 24652 | Orc:2    | Noticed Urug
 24662 | Orc:2    | Killed Urug
 25558 | Orc:2    | Received a gift from Sif Muna
 25956 | Orc:2    | Reached skill level 15 in Ice Magic
 26084 | Orc:2    | Found a roughly hewn altar of Beogh.
 26715 | Orc:2    | Found Angysuepp's Food Shop.
 26748 | Orc:2    | Found Tadany's Food Boutique.
 27372 | Orc:2    | Found a staircase to the Elven Halls.
 27875 | Orc:2    | Noticed an orc warlord
 27904 | Orc:2    | Killed an orc warlord
 28314 | Orc:2    | Found a roughly hewn altar of Beogh.
 28724 | Orc:2    | Gained mutation: Your magical capacity is low. (-10% MP) [a
                  | neqoxec]
 28839 | Orc:2    | Found Xejae's Gadget Shoppe.
 29148 | Orc:2    | Reached skill level 10 in Conjurations
 29196 | Orc:2    | Found Zesiwnu's Gadget Boutique.
 30521 | D:11     | Found a stormy altar of Qazlal.
 30604 | D:11     | Identified Sif Muna's Compendium of Flamy Aid (Sif Muna
                  | gifted it to you on level 11 of the Dungeon)
 30604 | D:11     | Received a gift from Sif Muna
 31632 | D:12     | Reached XP level 15. HP: 96/118 MP: 22/25
 31754 | D:12     | Noticed Sonja
 31768 | D:12     | Paralysed by Sonja for 6 turns
 31776 | D:12     | Killed Sonja
 32413 | D:13     | Found a sacrificial altar of Ru.
 32929 | D:13     | Found a gate to the Vaults.
 32954 | D:13     | Reached skill level 10 in Spellcasting
 33264 | D:13     | Received a gift from Sif Muna
 35306 | D:14     | Found Oconon's Book Shoppe.
 36215 | D:15     | Entered Level 15 of the Dungeon
 36284 | D:15     | Found a staircase to the Depths.
 36747 | D:15     | Noticed Nessos
 36755 | D:15     | Killed Nessos
 37022 | D:15     | Noticed Agnes
 37040 | D:15     | Killed Agnes
 37040 | D:15     | Reached skill level 16 in Ice Magic
 39005 | D:15     | Reached skill level 5 in Summonings
 39137 | D:15     | Noticed Roxanne
 39247 | D:15     | Reached XP level 16. HP: 120/127 MP: 25/27
 40373 | Swamp:1  | Entered Level 1 of the Swamp
 41380 | Swamp:1  | Upgraded the game from 0.26-a0-8-gc4d20be10f to
                  | 0.26-a0-20-g5f92b90fa0
 42388 | D:14     | Bought a book of Ice for 1040 gold pieces
 42395 | D:14     | Learned a level 6 spell: Freezing Cloud
 42775 | Swamp:1  | Reached skill level 10 in Staves
 42776 | Swamp:1  | Upgraded the game from 0.26-a0-20-g5f92b90fa0 to
                  | 0.26-a0-21-gf97e55dc39
 43437 | Swamp:1  | Reached skill level 1 in Air Magic
 44166 | Swamp:2  | Got a slimy brass ring
 44169 | Swamp:2  | Identified the ring "Joixa" {Wiz rF+ MR+ Int+4} (You found
                  | it on level 2 of the Swamp)
 44457 | Swamp:2  | Noticed a thorn hunter
 45237 | Swamp:2  | Killed a thorn hunter
 46116 | Swamp:3  | Identified a scroll of acquirement
 46440 | Swamp:3  | Noticed a tentacled monstrosity
 46529 | Swamp:3  | Identified Sif Muna's Compendium of Summoning and Clay (Sif
                  | Muna gifted it to you on level 3 of the Swamp)
 46529 | Swamp:3  | Received a gift from Sif Muna
 47902 | Swamp:3  | Reached skill level 10 in Invocations
 49011 | Spider:1 | Entered Level 1 of the Spider Nest
 49460 | Spider:1 | HP: 4/129 [wolf spider (10)]
 49464 | Spider:1 | Slain by a wolf spider

Illustrated notes

...P##.....##..#.......##........
##.####........##......##...#....
...P##P....######......#.#####...
.............P###................
.................................
.................................
...............)...######...#.#..
#.##..............##≈≈≈##..#[###.
....P...........@.#D...♣##..).##.
..........##.##.#.+W..==♣#....#..
...##.............+D.).)♣#....##.
...#..............+....$≈#....##.
...# . +........#.....## .#.#.^
#........##♣♣♣## .#.^
##........#### #. ..#
#.............# ##. .#.#
..#...........P#######..


Turn 16444 on Lair:2: 2 rings (artfct) 2hydras+ phantom

Levels and vault maps discovered:
D:1:      lemuel_arrival_muddy, layout_basic
D:2:      kennysheep_the_goblin_king, layout_basic
D:3:      layout_loops_ring, lemuel_coloured_pillars_altar, supply_closet_lemuel
D:4:      layout_basic, kennysheep_path_1
D:5:      minmay_octagon_keep, layout_loops_corners, serial_shops, shop,
          first_ration, portal_sewer_entry_e
D:6:      wander_river, layout_basic, temple_statues, uniq_prince_ribbit1
D:7:      layout_cave_pools
D:8:      layout_loops_ring, serial_shops, shop_fountains, uniq_grum
D:9:      layout_small_grid, minmay_orc_entry_temple_small,
          serial_co_window_serial, co_window_paths_b, co_window_paths_a,
          co_window_of_opportunity_a, co_window_paths_a, co_window_paths_a,
          co_window_cross_1, co_window_cross_1, co_window_corner_a,
          co_window_corner_a, co_window_unsneaky_path_c, co_window_corner_b,
          co_window_corner_cb, co_window_corner_ca, co_window_corner_b,
          glass_columns_b, glass_columns_a, glass_columns_c, glass_columns_a
D:10:     layout_long_grid, lair_entry_dummy, basic_altar,
          hangedman_little_slice_of_home, lightli_fourway_metalbox
D:11:     layout_roguey, grunt_qazlal_sundering
D:12:     layout_rooms, uniq_sonja
D:13:     layout_loops_corners, david_vaults_5, nicolae_ru_the_path_less_chosen
D:14:     layout_irregular_city, serial_shops, shop, minmay_misc_feat_five
D:15:     gammafunk_depths_entry_grave, layout_basic, minmay_misc_feat_tiny,
          uniq_roxanne, uniq_nessos, uniq_agnes
Temple:   nicolae_temple_the_god_donut
Lair:1:   layout_cave_pods, nicolae_quartered_pool_little, grunt_megastairs_3
Lair:2:   layout_regular_city, spider_nest_entry_rubble, basic_altar,
          gammafunk_ghost_hydra_chop, uniq_fannar
Lair:3:   layout_chaotic_city, skrybe_swamp_entry_bodies,
          hellmonk_ghost_happy_afterlife, grunt_megastairs_2
Lair:4:   layout_loops_ring
Lair:5:   layout_layer_cave, grunt_megastairs_1
Lair:6:   evilmike_catoblepas_cave, layout_hall_layers,
          minmay_slime_entry_oklob_enclosed, ebering_ghost_reflecting_pool
Swamp:1:  layout_basic_swamp, evilmike_swamp_ruin_house_3
Swamp:2:  layout_falls_marsh, evilmike_swamp_ruin_house_2
Swamp:3:  layout_basic_swamp, evilmike_swamp_ruin_house_1,
          infiniplex_staircase_pool_2
Spider:1: layout_chambers, drop_trap, uniq_kirke, uniq_donald
Orc:1:    layout_caves, mines3_lemuel
Orc:2:    pubby_orc_utopia, uniq_urug

Skill      XL: |  1  2  3  4  5  6  7  8  9 10 11 12 13 14 15 16 |
---------------+-------------------------------------------------+-----
Ice Magic      | 5 6 7 8 10 11 12 13 14 15 16 | 16.6
Stealth        | 2 |  2.8
Fighting       | 1 2 3 5 7 8 9 11 12 | 12.9
Charms         | 1 2 3 |  3.0
Armour         | 1 2 4 5 7 8 9 10 | 10.5
Spellcasting   | 3 4 5 6 7 8 9 10 11 | 11.3
Conjurations   | 2 4 5 6 7 9 10 11 | 11.8
Invocations    | 2 3 5 6 7 8 9 10 | 10.0
Summonings     | 3 4 5 |  5.5
Shields        | 3 4 |  4.0
Staves         | 2 4 6 8 9 10 | 10.1
Air Magic      | 3 |  3.5
Dodging        | 3 |  3.8

Action                   |  1- 3 |  4- 6 |  7- 9 | 10-12 | 13-15 | 16-18 || total
-------------------------+-------+-------+-------+-------+-------+-------++-------
Melee: Dagger            |    18 |    51 |   185 |       |       |       ||   254
       Whip              |     1 |       |       |       |       |       ||     1
       Unarmed           |     1 |       |       |       |       |       ||     1
       Trident           |       |       |    45 |   130 |   866 |   159 ||  1200
       Spear             |       |       |     5 |   353 |       |       ||   358
       Staff             |       |       |       |    40 |    12 |    17 ||    69
Throw: Stone             |    26 |    19 |    50 |    27 |       |       ||   122
       Dart              |       |       |     7 |    34 |    32 |     3 ||    76
       Boomerang         |       |       |     6 |       |       |       ||     6
       Throwing net      |       |       |       |     1 |       |       ||     1
 Cast: Freeze            |    49 |    37 |    69 |   158 |   337 |   264 ||   914
       Frozen Ramparts   |     4 |     8 |    25 |    54 |   131 |    20 ||   242
       Hailstorm         |       |       |     3 |     6 |    19 |     3 ||    31
       Summon Ice Beast  |       |       |       |    12 |    88 |    53 ||   153
       Magic Dart        |       |       |       |   139 |   524 |   279 ||   942
       Freezing Cloud    |       |       |       |       |       |    22 ||    22
Invok: Channel Magic     |       |       |       |       |     4 |     2 ||     6
 Abil: Hop               |     1 |       |     1 |     2 |     5 |     7 ||    16
Evoke: Wand              |       |     1 |     6 |     2 |    40 |     4 ||    53
       Phial of floods   |       |       |     1 |       |       |       ||     1
  Use: Scroll            |       |     3 |     5 |    16 |     6 |     9 ||    39
       Potion            |       |       |       |       |     2 |     7 ||     9
 Stab: Sleeping          |     3 |       |     3 |     1 |     3 |       ||    10
       Distracted        |       |       |       |     1 |     2 |     1 ||     4
  Eat: Chunk             |     5 |     8 |    17 |    34 |    55 |    12 ||   131
       Ration            |       |       |     5 |     5 |     8 |     8 ||    26
Armor: Robe              |     3 |       |       |       |       |       ||     3
       Quicksilver drago |    11 |    28 |   170 |   324 |   515 |   342 ||  1390
Dodge: Dodged            |    24 |    63 |   227 |   340 |   469 |   430 ||  1553
Block: Buckler           |       |       |       |   165 |   424 |   251 ||   840

Table legend:
 A = Non-vault XP
 B = Vault XP
 C = Vault XP percentage of total XP
 D = Non-vault monster count
 E = Vault monster count
 F = Vault count percentage of total count
                 A         B        C        D         E       F
            +---------+---------+-------+---------+---------+-------
      Total |  123858 |   48844 |  28.3 |     645 |     253 |  28.2
            +---------+---------+-------+---------+---------+-------
        D:1 |      39 |       0 |   0.0 |      22 |       0 |   0.0
        D:2 |      30 |      14 |  31.8 |      18 |       7 |  28.0
        D:3 |     175 |       0 |   0.0 |      21 |       0 |   0.0
        D:4 |     548 |       0 |   0.0 |      19 |       0 |   0.0
        D:5 |     620 |     363 |  36.9 |      21 |      19 |  47.5
        D:6 |     853 |     274 |  24.3 |      18 |       1 |   5.3
        D:7 |    1192 |       0 |   0.0 |      17 |       0 |   0.0
        D:8 |     636 |     646 |  50.4 |      23 |       5 |  17.9
        D:9 |    4664 |     305 |   6.1 |      46 |       9 |  16.4
       D:10 |    6549 |    1094 |  14.3 |      35 |      11 |  23.9
       D:11 |    1869 |       0 |   0.0 |      18 |       0 |   0.0
       D:12 |    4725 |     820 |  14.8 |      31 |       1 |   3.1
       D:13 |   11146 |    2902 |  20.7 |      47 |       8 |  14.5
       D:14 |    8556 |     737 |   7.9 |      20 |       1 |   4.8
       D:15 |   12431 |    6997 |  36.0 |      39 |       9 |  18.8
     Lair:1 |    3397 |     587 |  14.7 |      18 |       3 |  14.3
     Lair:2 |    7684 |    1082 |  12.3 |      27 |       2 |   6.9
     Lair:3 |    4459 |     912 |  17.0 |      21 |       5 |  19.2
     Lair:4 |    1485 |       0 |   0.0 |       6 |       0 |   0.0
     Lair:5 |    3127 |     519 |  14.2 |      13 |       2 |  13.3
     Lair:6 |    7052 |    8497 |  54.6 |      22 |      23 |  51.1
    Swamp:1 |   10076 |       0 |   0.0 |      26 |       0 |   0.0
    Swamp:2 |   13213 |       0 |   0.0 |      34 |       0 |   0.0
    Swamp:3 |   12359 |       0 |   0.0 |      46 |       0 |   0.0
   Spider:1 |    4310 |       0 |   0.0 |      10 |       0 |   0.0
      Orc:1 |    1644 |     550 |  25.1 |      21 |       1 |   4.5
      Orc:2 |    1019 |   22545 |  95.7 |       6 |     146 |  96.1
            +---------+---------+-------+---------+---------+-------
